 Dungeon Crawl Stone Soup version 0.26-a0-651-gb41185065b (console) character file.

Game seed: 17345156732610563835

291 om the Covered (level 6, 0/56 HPs)
             Began as a Deep Dwarf Fighter on Sept 29, 2020.
             Succumbed to an orc wizard's poison
             ... on level 4 of the Dungeon.
             The game lasted 00:05:03 (2456 turns).

om the Covered (Deep Dwarf Fighter)                 Turns: 2456, Time: 00:05:03

Health: 0/56       AC: 11    Str: 22    XL:     6   Next: 10%
Magic:  5/5        EV:  9    Int:  8    God:
Gold:   372        SH: 10    Dex: 12    Spells: 5/5 levels left

rFire    . . .     SeeInvis +   a - +0 war axe
rCold    . . .     Faith    .   c - +0 kite shield
rNeg     . . .     Spirit   .   o - +4 scale mail
rPois    .         Reflect  .   (no helmet)
rElec    .         Harm     .   (no cloak)
rCorr    .         Rampage  .   (no gloves)
MR       .....                  (no boots)
Stlth    ..........             (no amulet)
HPRegen  0.00/turn              k - ring of see invisible
MPRegen  0.09/turn              (no ring)

@: lethally poisoned (0 -> -22), non-regenerating, slowed, very slow
A: damage resistance, heal wounds, sense surroundings 1, no regeneration
a: Heal Wounds


You were on level 4 of the Dungeon.
You visited 1 branch of the dungeon, and saw 4 of its levels.

You collected 372 gold pieces.

Inventory:

Hand Weapons
 a - a +0 war axe (weapon)
Armour
 c - a +0 kite shield (worn)
 o - a +4 scale mail (worn)
Jewellery
 k - a ring of see invisible (left hand)
Scrolls
 e - 5 scrolls of remove curse {unknown}
 f - 8 scrolls of identify
 g - a scroll of amnesia {unknown}
 i - 2 scrolls of immolation {unknown}
 j - a scroll of enchant armour {unknown}
 l - 3 scrolls of teleportation {unknown}
 n - 2 scrolls of magic mapping {unknown}
Potions
 d - a potion of might
 h - 2 potions of resistance
 m - a potion of curing {unknown}


   Skills:
 + Level 3.5 Fighting
 + Level 3.4 Axes
 + Level 4.2 Armour
 * Level 3.7 Dodging
 + Level 4.2 Shields


You had 5 spell levels left.
You didn't know any spells.
Your spell library was empty.

Dungeon Overview and Level Annotations

Branches:
Dungeon (4/15)
 Temple: D:4-7

Altars:
Nemelex Xobeh
Wu Jian
The Shining One

Annotations:
D:4 1 transporter


Innate Abilities, Weirdness & Mutations

You are resistant to damage.
You can heal yourself by infusing magical energy.
You passively map a small area around you.
You do not regenerate.


Message History

* * * LOW HITPOINT WARNING * * *
You feel very sick.
The orc wizard points at you and mumbles some strange words.
You feel yourself slow down. The orc wizard closely misses you.
You are too injured to fight recklessly!
You slash the orc wizard!
The orc wizard is heavily wounded.
* * * LOW HITPOINT WARNING * * *
You feel extremely sick.
The orc wizard hits you but does no damage. x2
You are more poisoned.
You block the orc wizard's attack.
You are too injured to fight recklessly!
You slash the orc wizard!
You kill the orc wizard!
You have reached level 6!
Your experience leads to an increase in your attributes!
Increase (S)trength, (I)ntelligence, or (D)exterity?
You feel stronger.
You die...

## # , .. ### # * #.*
##.####### , ####.
###....÷)...
###....#######......#####
,
..⌠.⌠..)@......##<#.#####
,
,..._...#[..............).
..⌠.⌠#.#######.##.#..###.
#... #. #.##.######.
###**#. #.##.....##. * #.*
#.######.##. , * #. #.#
#.##. * * , , .) #.# #.##.
* * #.# #.##. #.# #.##. ,
####.##.


There were no monsters in sight!

Vanquished Creatures
  A sky beast (D:3)
  An orc wizard (D:4)
  Terence (D:3)
  A worker ant (D:4)
  3 gnolls (D:4)
  An adder (D:3)
  A dart slug (D:1)
  6 leopard geckos
  2 orcs (D:4)
  A ball python (D:4)
  11 hobgoblins
  3 jackals (D:1)
  7 kobolds
  3 quokkas (D:2)
  6 bats
  5 frilled lizards
  14 goblins
  7 rats
74 creatures vanquished.

Vanquished Creatures (others)
  6 plants
6 creatures vanquished.

Grand Total: 80 creatures vanquished

Notes
Turn   | Place    | Note
-------+----------+-------------------------------------------
     0 | D:1      | om the Deep Dwarf Fighter began the quest for the Orb.
     0 | D:1      | Reached XP level 1. HP: 20/20 MP: 1/1
    93 | D:1      | Reached skill level 1 in Dodging
    93 | D:1      | Reached XP level 2. HP: 25/27 MP: 2/2
   416 | D:1      | Reached XP level 3. HP: 30/33 MP: 3/3
  1295 | D:2      | Found an ornate altar of the Wu Jian Council.
  1428 | D:3      | Noticed a sky beast
  1432 | D:3      | Killed a sky beast
  1432 | D:3      | Reached XP level 4. HP: 24/42 MP: 4/4
  1432 | D:3      | Reached XP level 5. HP: 28/49 MP: 5/5
  1560 | D:3      | Found a glowing golden altar of the Shining One.
  1848 | D:3      | Noticed Terence
  1858 | D:3      | Killed Terence
  2376 | D:4      | Found a transporter.
  2433 | D:4      | Found a sparkling altar of Nemelex Xobeh.
  2456 | D:4      | Reached XP level 6. HP: 7/56 MP: 5/5
  2456 | D:4      | Succumbed to an orc wizard's poison

Illustrated notes

Levels and vault maps discovered:
D:1:      giann_forest_graveyard, layout_basic
D:2:      cheibrodos_greedy_goblins, layout_rooms, marbit_many_paths,
          serial_bayou_pond_c, bh_walls_and_bars
D:3:      layout_basic, tso_altar, uniq_terence
D:4:      layout_loops_ring, nemelex_xobeh_ov_fountains_minmay, serial_shops,
          shop, gammafunk_ghost_gnarly_gnolls

Skill      XL: |  1  2  3  4  5 |
---------------+----------------+-----
Dodging        | 1 3 |  3.7
Fighting       | 3 |  3.5
Axes           | 3 |  3.4
Armour         | 4 |  4.2
Shields        | 4 |  4.2

Action                   |  1- 3 |  4- 6 || total
-------------------------+-------+-------++-------
Melee: War axe           |   130 |   103 ||   233
 Abil: Heal Wounds       |       |     3 ||     3
  Use: Potion            |     1 |       ||     1
       Scroll            |       |     1 ||     1
Armor: Scale mail        |    42 |    48 ||    90
Dodge: Dodged            |    46 |    62 ||   108
Block: Kite shield       |    63 |    63 ||   126

Table legend: (Time is in decaauts)
 A = Elapsed time spent in this place.
 B = Non-inter-level travel time spent in this place.
 C = Inter-level travel time spent in this place.
 D = Time resting spent in this place.
 E = Time spent auto-exploring this place.
 F = Levels seen in this place.
 G = Mean time per level.
                   A        B        C        D        E       F      G
               +--------+--------+--------+--------+--------+-----+--------+
         Total |   2559 |   2487 |     72 |    230 |   1622 |   4 |  639.8 |
       Dungeon |   2559 |   2487 |     72 |    230 |   1622 |   4 |  639.8 |
               +--------+--------+--------+--------+--------+-----+--------+

Top non-repeatable levels by time:
     D:3: 859 daAuts
     D:1: 756 daAuts
     D:2: 683 daAuts
     D:4: 260 daAuts
